 Dungeon Sprint DCSS version 0.27-a0-592-g0306a34022 (webtiles) character file.

Game seed: 10783441988867910144

4189 rocky1 the Geomancer (level 10, -1/56 HPs)
             Began as an Octopode Earth Elementalist on Mar 11, 2021.
             Was a High Priest of Sif Muna.
             Slain by a vampire knight
             ... wielding a +3 great sword
              (12 damage)
             ... in the Dungeon (Sprint VII: "The Pits").
             The game lasted 00:10:38 (1488 turns).

rocky1 the Geomancer (Octopode Earth Elementalist)  Turns: 1488, Time: 00:10:38

Health: -1/56      AC:  1    Str:  7    XL:     10   Next: 29%
Magic:  19/23      EV: 19    Int: 21    God:    Sif Muna [*****.]
Gold:   0          SH:  0    Dex: 19    Spells: 18/27 levels left

rFire    . . .     SeeInvis .   o - +2 morningstar (protect)
rCold    . . .     Faith    .   (no shield)
rNeg     . . .     Spirit   .   (helmet restricted)
rPois    .         Reflect  .   (no amulet)
rElec    .         Harm     .   m - +3 ring of dexterity
rCorr    .         Rampage  .   l - +3 ring of dexterity
Will     .....     NoTele   +   (no ring)
Stlth    +++.......             (no ring)
HPRegen  0.18/turn              (no ring)
MPRegen  0.18/turn              (no ring)
                                (no ring)
                                (no ring)

@: no status effects
A: almost no armour, amphibious, 8 rings, camouflage 1, gelatinous body 1,
nimble swimmer 1, tentacles
a: Renounce Religion, Channel Magic, Forget Spell, Divine Exegesis


You were in the Dungeon.
You worshipped Sif Muna.
Sif Muna was extremely pleased with you.
You visited 1 branch

Inventory:

Hand Weapons
 o - a +2 morningstar of protection (weapon)
Missiles
 b - 24 stones
Jewellery
 l - a +3 ring of dexterity (right tentacle)
 m - a +3 ring of dexterity (left tentacle)
Scrolls
 i - 5 scrolls of amnesia
 j - a scroll of summoning
Potions
 a - 2 potions of invisibility
 c - 6 potions of curing
 d - 10 potions of heal wounds
 e - a potion of haste
 f - 4 potions of magic
 g - 4 potions of berserk rage
 n - a potion of brilliance


   Skills:
 + Level 9.7 Dodging
 - Level 2.6 Stealth
 + Level 9.0 Spellcasting
 + Level 5.9 Conjurations
 - Level 7.3 Transmutations
 + Level 14.4 Earth Magic
 + Level 10.3 Invocations


You had 18 spell levels left.
You knew the following spells:

 Your Spells              Type           Power      Damage    Failure   Level
a - Sandblast             Erth           100%       2d20      1%          1
b - Stone Arrow           Conj/Erth      100%       3d13      1%          3
c - Lee's Rapid Deconstr  Erth           31%        3d17*     1%          5

Your spell library contained the following spells:

 Spells                   Type           Power      Damage    Failure   Level
 Passwall                 Tmut/Erth      44%        N/A       1%          2
 Petrify                  Tmut/Erth      53%        N/A       1%          4
 Borgnjor's Vile Clutch   Necr/Erth      19%        N/A       11%         5
 Frozen Ramparts          Ice            18%        1d3       22%         3
 Ozocubu's Armour         Ice            9%         N/A       22%         3
 Hailstorm                Conj/Ice       22%        3d7       22%         4
 Airstrike                Air            4%         N/A       56%         4
 Summon Lightning Spire   Summ/Air       9%         N/A       56%         4
 Agony                    Necr           9%         N/A       89%         5
 Summon Forest            Summ/Tloc      4%         N/A       89%         5
 Shadow Creatures         Summ           N/A        N/A       100%        6
 Simulacrum               Ice/Necr       4%         N/A       100%        6
 Malign Gateway           Summ/Tloc      4%         N/A       100%        7
 Ozocubu's Refrigeration  Ice            4%         4d5       100%        7
 Summon Horrible Things   Summ           4%         N/A       100%        8


Dungeon Overview and Level Annotations

Branches:
Dungeon (1/1)

Altars:
Ashenzari
Cheibriados
Dithmenos
Elyvilon
Fedhas
Gozag
Hepliaklqana
Kikubaaqudgha
Makhleb
Nemelex Xobeh
Okawaru
Qazlal
Ru
Sif Muna
Trog
Uskayaw
Vehumet
Wu Jian
Xom
Yredelemnul
Zin
The Shining One
Beogh
Jiyva
Lugonu


Innate Abilities, Weirdness & Mutations

You cannot wear most types of armour.
You are amphibious.
You can wear up to eight rings at the same time.
Your skin changes colour to match your surroundings (Stealth+).
Your rubbery body absorbs attacks. (AC +1, EV +1)
You are stealthy while swimming. (Stealth+)
You have tentacles for arms and can constrict up to eight enemies at once.


Message History

Unknown command.
Casting: Lee's Rapid Deconstruction (dangerous; 1% risk of failure)
Confirm with . or Enter, or press ? or * to list all spells.
Aiming: Lee's Rapid Deconstruction (dangerous; 1% risk of failure)
Press: ? - help, Dir - move target A metal wall.
The metal wall shatters!
The blast of metal fragments hits the vampire knight!
The vampire knight is severely damaged.
The vampire knight draws life force from you!!
The vampire knight is healed by the life force!
Unknown command.
Casting: Lee's Rapid Deconstruction (dangerous; 1% risk of failure)
Confirm with . or Enter, or press ? or * to list all spells.
Aiming: Lee's Rapid Deconstruction (dangerous; 1% risk of failure)
Press: ? - help, Dir - move target A metal wall.
The metal wall shatters!
The blast of metal fragments hits the vampire knight but does no damage.
The vampire knight is heavily damaged.
You feel less invigorated.
The vampire knight hits you with a +3 great sword!
* * * LOW HITPOINT WARNING * * *
The vampire knight bites you.
* * * LOW HITPOINT WARNING * * *
The vampire knight draws strength from your injuries!
Unknown command.
You feel much better.
The vampire knight points at itself and mumbles some strange words.
The vampire knight flickers and vanishes!
Deactivating autopickup; reactivate with Ctrl-A.
Unknown command.
Casting: Lee's Rapid Deconstruction (dangerous; 1% risk of failure)
Confirm with . or Enter, or press ? or * to list all spells.
You can't see any susceptible monsters within range! (Use Z to cast anyway.) Unknown command.
Something hits you!!
* * * LOW HITPOINT WARNING * * *
Something bites you!
You die...

.#).#####'#####''######
.#))##.......##''# ########
##))##.......##..# #..9y..#
.#..##.......##.÷# #..#)#.y..Ky
.#'###...<...##..##w.##y##yyyys
....##.......##.÷##V##...##.yy#
....##.......##..####..:..# .##
######.......##...##.)w...# .#
.#.÷ ##########.@{.'...*..+ +
.#.############...##......#
.#.#....#..[[##..####.....#
.#'#....#..[[##..# ##...##
.#.'....'..))##..# ##.##
.#†#....#..))##..# #+#
†'.#....#..))##..#
##################


You could see a friendly eldritch tentacle.

Vanquished Creatures
  A swamp dragon (D)
  An elephant (D)
  A gargoyle (D)
  An ice devil (D)
  A jumping spider (D)
  A tyrant leech (D)
  4 yaks (D)
  A warg (D)
  Edmund (D)
  A soldier ant (D)
  An acid dragon (D)
  A water moccasin (D)
  A floating eye (D)
  An orc warrior (D)
  An ice beast (D)
  A small abomination (D)
  2 black bears (D)
  A wolf (D)
  A kobold brigand (D)
  12 killer bees (D)
  A quasit (D)
  An orc wizard (D)
  An adder (D)
  A gnoll (D)
  A river rat (D)
  An ooze (D)
  2 orcs (D)
  2 goblins (D)
  A hobgoblin (D)
  3 jackals (D)
  A quokka (D)
  A ball python (D)
  A frilled lizard (D)
  A leopard gecko zombie (D)
  A rat (D)
54 creatures vanquished.

Notes
Turn   | Place    | Note
-------+----------+-------------------------------------------
     0 | D        | rocky1 the Octopode Earth Elementalist began the quest for
                  | the Orb.
     0 | D        | Reached XP level 1. HP: 11/11 MP: 3/3
    41 | D        | Found a bloodstained altar of Trog.
    41 | D        | Found a shimmering blue altar of Sif Muna.
    41 | D        | Found a viscous altar of Jiyva.
    41 | D        | Found a hazy altar of Hepliaklqana.
    41 | D        | Found an opulent altar of Gozag.
    42 | D        | Found a glowing golden altar of the Shining One.
    42 | D        | Found a glowing silver altar of Zin.
    42 | D        | Found a basalt altar of Yredelemnul.
    42 | D        | Found a shimmering altar of Xom.
    42 | D        | Found an ornate altar of the Wu Jian Council.
    42 | D        | Found a sacrificial altar of Ru.
    42 | D        | Found a stormy altar of Qazlal.
    42 | D        | Found an iron altar of Okawaru.
    42 | D        | Found a sparkling altar of Nemelex Xobeh.
    42 | D        | Found a burning altar of Makhleb.
    42 | D        | Found a blossoming altar of Fedhas.
    42 | D        | Found a white marble altar of Elyvilon.
    42 | D        | Found a shadowy altar of Dithmenos.
    42 | D        | Found a snail-covered altar of Cheibriados.
    44 | D        | Found a radiant altar of Vehumet.
    44 | D        | Found a corrupted altar of Lugonu.
    45 | D        | Found a hide-covered altar of Uskayaw.
    45 | D        | Found an ancient bone altar of Kikubaaqudgha.
    45 | D        | Found a broken altar of Ashenzari.
    47 | D        | Became a worshipper of Sif Muna the Loreminder
    63 | D        | Reached skill level 4 in Earth Magic
   105 | D        | Reached * piety under Sif Muna
   207 | D        | Reached skill level 5 in Earth Magic
   207 | D        | Reached XP level 2. HP: 4/17 MP: 3/5
   448 | D        | Noticed a floating eye
   454 | D        | Reached ** piety under Sif Muna
   503 | D        | Noticed a black bear
   503 | D        | Paralysed by a floating eye for 2 turns
   516 | D        | Killed a floating eye
   517 | D        | Reached skill level 9 in Earth Magic
   517 | D        | Reached XP level 3. HP: 21/21 MP: 6/6
   517 | D        | Reached XP level 4. HP: 27/27 MP: 7/7
   518 | D        | Killed a black bear
   518 | D        | Reached *** piety under Sif Muna
   519 | D        | Reached skill level 11 in Earth Magic
   519 | D        | Reached XP level 5. HP: 28/31 MP: 5/8
   525 | D        | Learned a level 5 spell: Lee's Rapid Deconstruction
   689 | D        | Noticed a warg
   690 | D        | Noticed Edmund
   690 | D        | Noticed an orc warrior
   690 | D        | Noticed a water moccasin
   691 | D        | Killed a water moccasin
   692 | D        | Reached XP level 6. HP: 36/36 MP: 3/11
   693 | D        | Killed a warg
   694 | D        | Reached skill level 12 in Earth Magic
   694 | D        | Reached XP level 7. HP: 41/41 MP: 8/13
   694 | D        | Reached **** piety under Sif Muna
   696 | D        | Killed Edmund
   697 | D        | Reached skill level 5 in Dodging
   703 | D        | Reached skill level 5 in Spellcasting
   703 | D        | Reached skill level 5 in Transmutations
   703 | D        | Reached skill level 5 in Invocations
   734 | D        | Reached ***** piety under Sif Muna
   734 | D        | Identified Qoluw's Guide on the Frostbite (Sif Muna gifted
                  | it to you in the Dungeon)
   734 | D        | Received a gift from Sif Muna
   738 | D        | Noticed an ice devil
   743 | D        | Killed an ice devil
   744 | D        | Reached XP level 8. HP: 15/46 MP: 12/16
   983 | D        | Noticed an elephant
   983 | D        | Noticed a jumping spider
   987 | D        | Reached skill level 13 in Earth Magic
   988 | D        | Killed a jumping spider
   994 | D        | Killed an elephant
   995 | D        | Reached XP level 9. HP: 21/51 MP: 5/19
  1234 | D        | Learned a level 3 spell: Stone Arrow
  1244 | D        | Identified Pugoufat's Incunabulum of Creative Flight (Sif
                  | Muna gifted it to you in the Dungeon)
  1244 | D        | Received a gift from Sif Muna
  1245 | D        | Reached skill level 1 in Conjurations
  1272 | D        | Noticed a swamp dragon
  1278 | D        | Identified Sif Muna's Grimoire of the Frog (Sif Muna gifted
                  | it to you in the Dungeon)
  1278 | D        | Received a gift from Sif Muna
  1285 | D        | Killed a swamp dragon
  1286 | D        | Reached skill level 14 in Earth Magic
  1286 | D        | Reached XP level 10. HP: 27/56 MP: 4/22
  1455 | D        | Noticed a vampire knight
  1469 | D        | Identified Figorr's Almanac of Fire (Sif Muna gifted it to
                  | you in the Dungeon)
  1469 | D        | Received a gift from Sif Muna
  1470 | D        | Reached skill level 5 in Conjurations
  1471 | D        | Noticed a gargoyle
  1481 | D        | Reached skill level 10 in Invocations
  1482 | D        | Killed a gargoyle
  1482 | D        | Identified Sif Muna's Tome of the Birds and Calling (Sif
                  | Muna gifted it to you in the Dungeon)
  1482 | D        | Received a gift from Sif Muna
  1488 | D        | Slain by a vampire knight

Illustrated notes

Levels and vault maps discovered:
D:        pitsprint [storerooms_1, entrance_room_1, metal_vault_3, armoury_2,
          mini_pit_1, grid_room_1, main_hall_1, silver_pit, the_coven_2,
          the_vestibule_1, steel_vault_1, golden_pit, hallway_of_sentries,
          crystal_vault_3, iron_vault_5, final_vault]

Skill      XL: |  1  2  3  4  5  6  7  8  9 10 |
---------------+-------------------------------+-----
Earth Magic    | 5 9 11 12 13 14 | 14.4
Dodging        | 3 4 6 7 9 |  9.7
Spellcasting   | 3 4 5 6 8 9 |  9.0
Transmutations | 3 4 5 7 |  7.3
Invocations    | 3 4 6 7 9 10 | 10.3
Conjurations   | 4 5 |  5.9
Stealth        | |  2.6

Action                   |  1- 3 |  4- 6 |  7- 9 | 10-12 || total
-------------------------+-------+-------+-------+-------++-------
Melee: Unarmed           |    17 |       |       |       ||    17
       Constrict         |     3 |       |       |       ||     3
       Tentacles         |     1 |       |       |       ||     1
 Cast: Sandblast         |     6 |     2 |     8 |       ||    16
       Lee's Rapid Decon |       |     2 |    27 |    14 ||    43
       Stone Arrow       |       |       |       |     1 ||     1
       Malign Gateway    |       |       |       |     1 ||     1
Invok: Channel Magic     |       |     1 |     6 |     3 ||    10
       Divine Exegesis   |       |       |       |     1 ||     1
  Use: Potion            |       |       |     2 |     4 ||     6
       Scroll            |       |       |       |     1 ||     1
 Stab: Sleeping          |     2 |       |       |       ||     2
Armor: Skin              |       |       |     3 |       ||     3
Dodge: Dodged            |     6 |     1 |     7 |     5 ||    19

Table legend: (Time is in decaauts)
 A = Elapsed time spent in this place.
 B = Non-inter-level travel time spent in this place.
 C = Inter-level travel time spent in this place.
 D = Time resting spent in this place.
 E = Time spent auto-exploring this place.
 F = Levels seen in this place.
 G = Mean time per level.
                   A        B        C        D        E       F      G
               +--------+--------+--------+--------+--------+-----+--------+
         Total |   1486 |   1416 |     70 |   1032 |      0 |   1 | 1486.0 |
       Dungeon |   1486 |   1416 |     70 |   1032 |      0 |   1 | 1486.0 |
               +--------+--------+--------+--------+--------+-----+--------+

Top non-repeatable levels by time:
       D: 1486 daAuts
